 Dungeon Crawl Stone Soup version 0.29-a0-275-g389c0b56f3 (webtiles) character file.

Game seed: 5819569345278617930

79 PaleWalker the Ducker (level 4, -2/34 HPs)
             Began as a Djinni Gladiator on Mar 10, 2022.
             Killed from afar by Sigmund (3 damage)
             ... with a magic dart
             ... on level 2 of the Dungeon.
             The game lasted 00:02:05 (1290 turns).

PaleWalker the Ducker (Djinni Gladiator)            Turns: 1290, Time: 00:02:05

Health: -2/34      AC:  4    Str: 13    XL:     4   Next: 64%
Gold:   55         EV: 12    Int: 11    God:
                   SH:  0    Dex: 15

rFire   + + .      SeeInvis .   a - +0 long sword
rCold   x . .      Faith    .   (no shield)
rNeg    . . .      Spirit   .   b - +0 leather armour
rPois   ∞          Reflect  .   c - +0 helmet
rElec   .          Harm     .   (no cloak)
rCorr   .          Rampage  .   (no gloves)
Will    .....                   (boots unavailable)
Stlth   +.........              (no amulet)
HPRegen 0.11/turn               (no ring)
MPRegen 0.00/turn               (no ring)

@: flying
A: sickness immunity, fire resistance 2, cold vulnerability 1, float, innate
caster, HP casting, extra vitality 1
a: no special abilities


You were on level 2 of the Dungeon.
You visited 1 branch of the dungeon, and saw 2 of its levels.

You collected 55 gold pieces.

Inventory:

Hand Weapons
 a - a +0 long sword (weapon)
Missiles
 d - 2 throwing nets (quivered)
 e - a javelin
Armour
 b - a +0 leather armour (worn)
 c - a +0 helmet (worn)
Magical Staves
 l - a staff of conjuration
Scrolls
 f - a scroll of vulnerability {unknown}
 i - a scroll of teleportation {unknown}
 j - a scroll of enchant armour {unknown}
 k - a scroll of identify {unknown}
 m - a scroll of magic mapping {unknown}
Potions
 g - a potion of brilliance {unknown}
 h - a potion of lignification {unknown}


   Skills:
 + Level 2.7 Fighting
 + Level 3.2 Long Blades
 - Level 1.5 Throwing
 - Level 3.2 Dodging
 * Level 1.9 Spellcasting


You had 5 spell levels left.
You knew the following spells:

 Your Spells              Type           Power      Damage    Failure   Level
a - Shock                 Conj/Air       20%        1d4       17%         1
Your spell library was empty.

Dungeon Overview and Level Annotations

Branches:
Dungeon (2/15)

Altars:

Annotations:
D:2 Sigmund


Innate Abilities, Weirdness & Mutations

You are immune to sickness and miasma.
You are immune to poison.
Your flesh is very heat resistant. (rF++)
You are vulnerable to cold. (rC-)
You float through the air rather than walking.
You learn spells naturally, not from books.
Your magical power is your life essence.
You have superior vitality. (+4 MHP)


Message History

You miscast Shock.
You are very lightly contaminated with residual magic.
Nothing appears to happen.
Casting: Shock (safe; 17% risk of failure)
Confirm with . or Enter, or press ? or * to list all spells.
Aiming: Shock (safe; 17% risk of failure)
Press: ? - help, Shift-Dir - straight line, f - Sigmund
Aim: Sigmund, wielding a +0 scythe and wearing a +0 robe (lightly wounded, 60% to hit)
The zap hits Sigmund.
Sigmund is moderately wounded.
Sigmund flickers, as though insubstantial.
Sigmund hits you but does no damage.
You closely miss Sigmund.
Sigmund is moderately wounded.
Sigmund hits you with a +0 scythe.
You hit Sigmund.
Sigmund is moderately wounded.
Sigmund closely misses you.
You closely miss Sigmund.
Sigmund is moderately wounded.
Sigmund hits you with a +0 scythe!
You hit Sigmund.
Sigmund is moderately wounded.
Sigmund hits you with a +0 scythe.
Your magical contamination has completely faded away.
You closely miss Sigmund.
Sigmund is moderately wounded.
You barely miss Sigmund.
Sigmund is moderately wounded.
Sigmund barely misses you.
You closely miss Sigmund.
Sigmund is moderately wounded.
Sigmund hits you with a +0 scythe!
* * * LOW HITPOINT WARNING * * *
Sigmund attacks as you move away! Sigmund hits you with a +0 scythe.
* * * LOW HITPOINT WARNING * * *
There is a stone staircase leading down here.
Sigmund casts a spell at you. The magic dart hits you.
You die...

##..##..##<######..
...........##.# ### #....
#.##...#..##..##S# #### #....
#..#........##..#.# #...
.....###.##........###...# #.##
.......$...........# ##†.## ##.#
..........#........# #...###..#
........#....?.....####...##..###
.............@>.@................
........#####.#..................
........)..............#.........
.......##.........####...........
....... #.........# ##..........
....... #.........# ##.........
#.....# #.........# ####.##.....
##.... #.........####..........#
##...#######......†............#


You could see Sigmund.

Vanquished Creatures
  Terence (D:2)
  2 adders (D:2)
  3 dart slugs
  5 endoplasms
  5 goblins
  3 hobgoblins
  A quokka (D:2)
  3 ball pythons
  2 bats (D:1)
  2 kobolds (D:1)
  5 rats (D:1)
32 creatures vanquished.

Notes
Turn   | Place    | Note
-------+----------+-------------------------------------------
     0 | D:1      | PaleWalker the Djinni Gladiator began the quest for the
                  | Orb.
     0 | D:1      | Reached XP level 1. HP: 18/18 MP: 0/0
   204 | D:1      | Reached XP level 2. HP: 20/23 MP: 0/0
   325 | D:1      | Reached skill level 1 in Spellcasting
   555 | D:1      | Reached XP level 3. HP: 25/29 MP: 0/0
   555 | D:1      | Learned a level 1 spell: Shock
   860 | D:2      | Noticed Terence
   922 | D:2      | Found a faded altar of an unknown god.
   930 | D:2      | Killed Terence
   931 | D:2      | Reached XP level 4. HP: 21/34 MP: 0/0
  1146 | D:2      | Noticed Sigmund
  1287 | D:2      | HP: 1/34 [Sigmund/+0 scythe (5)]
  1290 | D:2      | Killed from afar by Sigmund

Illustrated notes

Levels and vault maps discovered:
D:1:      sevenhm_arrival_forest_fort_small_3, layout_rooms,
          minmay_misc_feat_chi
D:2:      layout_rooms, basic_altar, shapermc_ecumenical_altar_pompeii,
          uniq_terence, uniq_sigmund

Skill      XL: |  1  2  3 |
---------------+----------+-----
Spellcasting   | 1 |  1.9
Long Blades    | 3 |  3.2
Fighting       | |  2.7
Throwing       | |  1.5
Dodging        | |  3.2

Action                   |  1- 3 |  4- 6 || total
-------------------------+-------+-------++-------
Melee: Long sword        |    51 |    30 ||    81
Throw: Throwing net      |     1 |       ||     1
 Cast: Shock             |       |     3 ||     3
Armor: Leather armour    |    11 |     9 ||    20
Dodge: Dodged            |    24 |    19 ||    43

Table legend: (Time is in decaauts)
 A = Elapsed time spent in this place.
 B = Non-inter-level travel time spent in this place.
 C = Inter-level travel time spent in this place.
 D = Time resting spent in this place.
 E = Time spent auto-exploring this place.
 F = Levels seen in this place.
 G = Mean time per level.
                   A        B        C        D        E       F      G
               +--------+--------+--------+--------+--------+-----+--------+
         Total |   1310 |   1252 |     58 |      0 |    994 |   2 |  655.0 |
       Dungeon |   1310 |   1252 |     58 |      0 |    994 |   2 |  655.0 |
               +--------+--------+--------+--------+--------+-----+--------+

Top non-repeatable levels by time:
     D:1: 806 daAuts
     D:2: 504 daAuts
